 Dungeon Sprint DCSS version 0.27-a0-836-gfc908b8576 (webtiles) character file.

Game seed: 12054271273050942905

32 mhtbhm the Skirmisher (level 3, -4/54 HPs)
             Began as a Minotaur Fighter on Apr 1, 2021.
             Slain by a water moccasin (6 damage)
             ... in the Dungeon (Sprint IX: "|||||||||||||||||||||||||||||").
             The game lasted 00:00:13 (140 turns).

mhtbhm the Skirmisher (Minotaur Fighter)             Turns: 140, Time: 00:00:13

Health: -4/54      AC:  7    Str: 21    XL:     3   Next: 8%
Magic:  2/2        EV:  7    Int:  5    God:
Gold:   0          SH: 10    Dex:  9    Spells: 2/2 levels left

rFire    . . .     SeeInvis .   a - +0 trident
rCold    . . .     Faith    .   c - +0 kite shield
rNeg     . . .     Spirit   .   b - +0 scale mail
rPois    .         Reflect  .   (helmet restricted)
rElec    .         Harm     .   (no cloak)
rCorr    .         Rampage  .   (no gloves)
Will     .....     NoTele   +   (no boots)
Stlth    ..........             (no amulet)
HPRegen  0.18/turn              (no ring)
MPRegen  0.08/turn              (no ring)

@: berserking (expiring), lethally poisoned (-4 -> -11), very quick
A: horns 2, retaliatory headbutt
a: no special abilities


You were in the Dungeon.
You visited 1 branch

Inventory:

Hand Weapons
 a - a +0 trident (weapon)
Armour
 b - a +0 scale mail (worn)
 c - a +0 kite shield (worn)
Scrolls
 j - a scroll of blinking
Potions
 d - a potion of might
 e - a potion of curing
 f - a potion of heal wounds
 g - a potion of haste
 h - 2 potions of magic


   Skills:
 + Level 5.3 Fighting
 + Level 4.1 Polearms
 + Level 5.1 Armour
 + Level 0.1 Dodging
 + Level 5.2 Shields


You had 2 spell levels left.
You didn't know any spells.
Your spell library was empty.

Dungeon Overview and Level Annotations

Branches:
Dungeon (1/1)

Altars:


Innate Abilities, Weirdness & Mutations

You have a pair of horns on your head.
You reflexively headbutt those who attack you in melee.


Message History

* * * LOW HITPOINT WARNING * * *
You closely miss something. You puncture something!
Reactivating autopickup.
You feel a bit more experienced.
Your Fighting skill increases to level 5!
Your Polearms skill gained 2 levels and is now at level 4!
Your Armour skill increases to level 5!
Your Shields skill increases to level 5!
You have reached level 2!
You have reached level 3!
Your experience leads to an increase in your attributes!
Increase (S)trength, (I)ntelligence, or (D)exterity?
You feel stronger.
Unknown command.
You puncture the water moccasin!
The water moccasin is heavily wounded.
The water moccasin bites you.
* * * LOW HITPOINT WARNING * * *
The water moccasin bites you but does no damage.
You hit the water moccasin.
Your headbutt misses the water moccasin.
The water moccasin is severely wounded.
The water moccasin bites you but does no damage.
You hit the water moccasin.
Your headbutt misses the water moccasin.
The water moccasin is almost dead.
You block the water moccasin's attack.
You closely miss the water moccasin.
The water moccasin is almost dead.
The water moccasin bites you.
* * * LOW HITPOINT WARNING * * *
You are lethally poisoned!
The water moccasin poisons you!
Your shield and scale mail prevent you from hitting the water moccasin.
The water moccasin is almost dead.
* * * LOW HITPOINT WARNING * * *
You feel very sick. The water moccasin bites you.
You die...

▓.▓
▓.▓
▓.▓
▓)▓
▓†▓
▓.▓
▓.▓
▓.▓
▓@▓
▓S▓
▓.▓
▓Z▓
▓.▓
▓.▓
▓.▓
▓+▓


You could see a water moccasin and a bat skeleton.

Vanquished Creatures
  An orc wizard (D)
  An orc (D)
  A giant cockroach (D)
  3 frilled lizards (D)
  A kobold (D)
7 creatures vanquished.

Notes
Turn   | Place    | Note
-------+----------+-------------------------------------------
     0 | D        | mhtbhm the Minotaur Fighter began the quest for the Orb.
     0 | D        | Reached XP level 1. HP: 19/19 MP: 0/0
   117 | D        | Noticed an orc wizard
   117 | D        | Noticed a water moccasin
   117 | D        | Noticed an orc wizard
   135 | D        | Killed an orc wizard
   136 | D        | Reached skill level 5 in Fighting
   136 | D        | Reached skill level 5 in Armour
   136 | D        | Reached skill level 5 in Shields
   136 | D        | Reached XP level 2. HP: 9/29 MP: 1/1
   136 | D        | Reached XP level 3. HP: 11/36 MP: 2/2
   140 | D        | HP: 2/54 [poisoned by a water moccasin]
   140 | D        | Slain by a water moccasin

Illustrated notes

Levels and vault maps discovered:
D:        linesprint [early_d, line_temple, items_1, d_10, items_2, lair_1,
          lair_end, items_3, orc_1, orc_end, items_4, d_15, swamp_1, shoals_1,
          snake_1, spider_1, d_20, vaults_1, items_5, swamp_end, shoals_end,
          snake_end, spider_end, vaults_end, d_27, items_6, zot_1, zot_end,
          crypt_end, forest_end, elf_end, slime_end, tomb_end, abyss_end,
          pan_hell_end]

Skill      XL: |  1 |
---------------+----+-----
Fighting       | 5 |  5.3
Armour         | 5 |  5.1
Shields        | 5 |  5.2
Polearms       | 4 |  4.1
Dodging        | |  0.1

Action                   || total
-------------------------++-------
Melee: Trident           ||    29
       Headbutt          ||     2
  Use: Potion            ||     1
Armor: Scale mail        ||    13
Dodge: Dodged            ||     2
Block: Kite shield       ||     3

Table legend: (Time is in decaauts)
 A = Elapsed time spent in this place.
 B = Non-inter-level travel time spent in this place.
 C = Inter-level travel time spent in this place.
 D = Time resting spent in this place.
 E = Time spent auto-exploring this place.
 F = Levels seen in this place.
 G = Mean time per level.
                   A        B        C        D        E       F      G
               +--------+--------+--------+--------+--------+-----+--------+
         Total |    146 |    146 |      0 |    100 |      3 |   1 |  146.0 |
       Dungeon |    146 |    146 |      0 |    100 |      3 |   1 |  146.0 |
               +--------+--------+--------+--------+--------+-----+--------+

Top non-repeatable levels by time:
       D: 146 daAuts
